 Dungeon Crawl Stone Soup version 0.29-a0-857-g9b1aa3ac5b (webtiles) character file.

Game seed: 15705577311368940571

117 xian the Magician (level 4, -2/30 HPs)
             Began as a Demonspawn Hedge Wizard on July 17, 2022.
             Was an Initiate of Gozag.
             Frozen to death by an endoplasm (3 damage)
             ... on level 3 of the Dungeon.
             The game lasted 00:08:26 (4088 turns).

xian the Magician (Demonspawn Hedge Wizard)         Turns: 4088, Time: 00:08:26

Health: -2/30      AC:  4    Str: 13    XL:     4   Next: 71%
Magic:  2/10       EV: 10    Int: 15    God:    Gozag
Gold:   287        SH:  6    Dex: 12    Spells: 5/11 levels left

rFire   . . .      SeeInvis .   e - +2 mace (venom)
rCold   . . .      Faith    .   k - +0 kite shield
rNeg    . . .      Spirit   .   b - +0 robe
rPois   .          Reflect  .   c - +0 hat
rElec   .          Harm     .   (no cloak)
rCorr   .          Rampage  .   m - +1 pair of gloves
Will    .....                   (no boots)
Stlth   ++........              (no amulet)
HPRegen 0.10/turn               n - ring of flight
MPRegen 0.12/turn               (no ring)

@: flying
A: demonic touch 1
a: Renounce Religion, Potion Petition, Call Merchant, Bribe Branch


You were on level 3 of the Dungeon.
You worshipped Gozag.
Gozag was aware of your devotion.
You visited 1 branch of the dungeon, and saw 4 of its levels.

You collected 293 gold pieces.
You paid 6 gold pieces to Gozag.

Inventory:

Hand Weapons
 a - a +2 short sword of draining
 e - a +2 mace of venom (weapon)
Missiles
 j - 2 javelins
 o - 9 poisoned darts
Armour
 b - a +0 robe (worn)
 c - a +0 hat (worn)
 k - a +0 kite shield (worn)
 m - a +1 pair of gloves (worn)
Jewellery
 n - a ring of flight (left hand)
Scrolls
 l - a scroll of fog
 p - a scroll of brand weapon {unknown}
Potions
 d - a potion of magic
 f - a potion of cancellation {unknown}
 g - 2 potions of brilliance {unknown}
 h - 3 potions of curing {unknown}
 i - a potion of ambrosia {unknown}
 q - a potion of flight {unknown}
 r - a potion of heal wounds {unknown}


   Skills:
 + Level 0.3 Fighting
 + Level 0.8 Maces & Flails
 + Level 2.1 Dodging
 + Level 2.3 Stealth
 + Level 4.2 Spellcasting
 + Level 2.0 Conjurations
 + Level 1.0 Summonings
 + Level 0.8 Translocations


You had 5 spell levels left.
You knew the following spells:

 Your Spells              Type           Power      Damage    Failure   Level
a - Magic Dart            Conj           36%        1d4       28%         1
b - Slow                  Hex            12%        N/A       54%         1
c - Call Imp              Summ           6%         N/A       54%         2
d - Blink                 Tloc           10%        N/A       56%         2

Your spell library contained the following spells:

 Spells                   Type           Power      Damage    Failure   Level
 Conjure Flame            Conj/Fire      6%         6-21      78%         3
 Mephitic Cloud           Conj/Pois/Air  5%         N/A       83%         3


Dungeon Overview and Level Annotations

Branches:
Dungeon (4/15)
 Temple: D:4-7

Altars:
Gozag

Shops:
D:3 =

Annotations:
D:3 Rings and Things


Innate Abilities, Weirdness & Mutations

Your touch may inflict minor irresistible damage on your foes.


Message History

You are very lightly contaminated with residual magic.
Nothing appears to happen.
The hobgoblin barely misses you.
You are out of magic!
You hit the hobgoblin.
The hobgoblin is poisoned.
The hobgoblin is almost dead.
You block the hobgoblin's attack.
You hit the hobgoblin.
You kill the hobgoblin!
An endoplasm comes into view.
The hobgoblin hits you.
You see here 4 gold pieces.
You barely miss the hobgoblin. The hobgoblin hits you.
You closely miss the hobgoblin. The endoplasm freezes you.
You are frozen.
The hobgoblin closely misses you. The hobgoblin hits you.
The endoplasm freezes you.
You are frozen.
* * * LOW HITPOINT WARNING * * *
Your magical contamination has completely faded away.
You closely miss the hobgoblin. The hobgoblin misses you.
The endoplasm freezes you.
You are frozen.
* * * LOW HITPOINT WARNING * * *
The endoplasm attacks as you move away!
The endoplasm hits you but does no damage.
You see here 7 gold pieces.
The endoplasm hits you but does no damage.
There is a stone staircase leading up here.
The endoplasm freezes you.
You are frozen.
* * * LOW HITPOINT WARNING * * *
You fly upwards.
Level annotation: Rings and Things
There is a stone staircase leading down here.
Okay, then.
You barely miss the endoplasm. The endoplasm freezes you.
You are frozen.
You die...
Your body crumbles into a pile of gold.

#.## #.∩.####..##.#..##.#..##
...# #...# ###....##....##...
#..# #...# #..##.#..##.#..##.
#..# #...# #..#.##..#.##..#.#
...# #...# #..###......######
##[#######...###.####.#..........
##..................#.#.##.##....
................J#..#.#..........
#...............@...#.#....##....
...#####.......##.###.#.##.##....
.#.#####.#...#.##.# #......##.###
......##.#...#.##.# ###.......#
.#.##.##.#...#.##.# #.#########
...##.##.#...#.##.# #.# #.)...#
.####.......>..##.#####.###..>..#
................................#
.#####.####.#.####..#######.....#


You could see an endoplasm.

Vanquished Creatures
  An iguana (D:4)
  A gnoll (D:3)
  2 adders
  2 worms (D:2)
  2 orcs
  4 ball pythons
  3 bats
  5 endoplasms
  2 giant cockroaches
  7 goblins
  7 hobgoblins
  A quokka (D:3)
  4 frilled lizards
  10 kobolds
  5 rats
56 creatures vanquished.

Vanquished Creatures (others)
  3 plants (D:2)
3 creatures vanquished.

Grand Total: 59 creatures vanquished

Notes
Turn   | Place    | Note
-------+----------+-------------------------------------------
     0 | D:1      | xian the Demonspawn Hedge Wizard began the quest for the
                  | Orb.
     0 | D:1      | Reached XP level 1. HP: 13/13 MP: 4/4
   676 | D:1      | Gained mutation: Your touch may inflict minor irresistible
                  | damage on your foes. [demonic ancestry]
   676 | D:1      | Reached XP level 2. HP: 19/19 MP: 4/6
  1611 | D:2      | Reached XP level 3. HP: 18/24 MP: 5/8
  1749 | D:2      | Found an opulent altar of Gozag.
  1757 | D:2      | Became a worshipper of Gozag Ym Sagoz the Greedy
  2908 | D:3      | Found Vag Puof's Jewellery Shoppe.
  2925 | D:3      | Learned a level 1 spell: Slow
  2928 | D:3      | Learned a level 2 spell: Call Imp
  2931 | D:3      | Learned a level 2 spell: Blink
  3122 | D:3      | Reached skill level 4 in Spellcasting
  3734 | D:3      | Reached XP level 4. HP: 30/30 MP: 6/10
  4086 | D:4      | HP: 1/30 [frozen (4)]
  4088 | D:3      | Frozen to death by an endoplasm

Illustrated notes

Levels and vault maps discovered:
D:1:      lightli_arrival_farm, layout_loops_corners, minmay_liquid_box
D:2:      layout_loops_ring, serial_bayou, serial_bayou_pond_e,
          serial_bayou_pond_b, serial_bayou_pond_c, serial_bayou_pond_d,
          basic_altar, chequers_jeans, grunt_decor_resistance
D:3:      layout_loops_cross, serial_shops, shop, nicolae_eternal_life,
          minmay_misc_feat_tiny, hangedman_decor_clover_reticule
D:4:      layout_loops_ring, lemuel_round_altar, minmay_unequal

Skill      XL: |  1  2  3  4 |
---------------+-------------+-----
Dodging        | 2 |  2.1
Stealth        | 2 |  2.3
Spellcasting   | 4 |  4.2
Conjurations   | 2 |  2.0
Fighting       | |  0.3
Maces & Flails | |  0.8
Summonings     | |  1.0
Translocations | |  0.8

Action                   |  1- 3 |  4- 6 || total
-------------------------+-------+-------++-------
Melee: Mace              |    25 |    14 ||    39
       Touch             |     2 |       ||     2
 Cast: Magic Dart        |    97 |    21 ||   118
  Use: Scroll            |     3 |       ||     3
Armor: Robe              |    12 |     4 ||    16
Dodge: Dodged            |    18 |     7 ||    25
Block: Kite shield       |     6 |     4 ||    10

Table legend: (Time is in decaauts)
 A = Elapsed time spent in this place.
 B = Non-inter-level travel time spent in this place.
 C = Inter-level travel time spent in this place.
 D = Time resting spent in this place.
 E = Time spent auto-exploring this place.
 F = Levels seen in this place.
 G = Mean time per level.
                   A        B        C        D        E       F      G
               +--------+--------+--------+--------+--------+-----+--------+
         Total |   4134 |   4042 |     92 |      0 |   3451 |   4 | 1033.5 |
       Dungeon |   4134 |   4042 |     92 |      0 |   3451 |   4 | 1033.5 |
               +--------+--------+--------+--------+--------+-----+--------+

Top non-repeatable levels by time:
     D:1: 1563 daAuts
     D:2: 1314 daAuts
     D:3: 1191 daAuts
     D:4: 65 daAuts
